[ AOE2 MATCH · #507341513 ]
UnrankedChinese vs Tupi
Player's team · WIN
Rival team · LOSS
[ REPLAY ANALYSIS · EXTRACTED FROM THE RECORDED GAME ]
Feudal
—
Castle
—
Imperial
—
| APM avg | 68.0 |
| APM peak | 93 |
| eAPM avg | 24.5 |
| Villagers / military | 20 / 0 |
Focus
⚔️ 50.8% · 🌾 49.2%
Feudal
—
Castle
—
Imperial
—
| APM avg | 38.4 |
| APM peak | 71 |
| eAPM avg | 20.9 |
| Villagers / military | 22 / 0 |
Focus
⚔️ 36.2% · 🌾 63.8%
Unknown (2550) ×3
Match map
Initial resources + every placement click. Lines = walls · curves = elevation contours. ◆ gold · ⬟ stone · ● berries · ✦ relic · ◌ wall gap
Your base
nC_Future's base
Smoothed initial terrain · ◌ = detected wall gap · hover for details
Inputs per minute
— dylanrobinson54 - - nC_Future
Build order — dylanrobinson54
38 actions detected in the replay
| 0:00 | Research | Loom |
| 0:46 | Create | Villager (Male) |
| 0:46 | Create | Villager (Male) |
| 1:11 | Create | Villager (Male) |
| 1:35 | Create | Villager (Male) |
| 1:36 | Create | Villager (Male) |
| 2:04 | Create | Villager (Male) |
| 2:10 | Build | Lumber Camp |
| 2:28 | Create | Villager (Male) |
| 2:55 | Create | Villager (Male) |
| 3:14 | Create | Villager (Male) |
| 3:29 | Create | Villager (Male) |
| 3:29 | Create | Villager (Male) |
| 3:34 | Build | House |
| 3:39 | Build | Palisade Wall |
| 3:40 | Build | Palisade Wall |
| 3:51 | Create | Villager (Male) |
| 4:16 | Create | Villager (Male) |
| 4:39 | Create | Villager (Male) |
| 5:01 | Build | House |
| 5:05 | Create | Villager (Male) |
| 5:08 | Build | Palisade Wall |
| 5:14 | Create | Villager (Male) |
| 5:37 | Build | House |
| 5:58 | Build | Palisade Wall |
| 6:04 | Build | Palisade Wall |
| 6:14 | Create | Villager (Male) |
| 6:18 | Build | Palisade Wall |
| 6:23 | Build | House |
| 6:45 | Create | Villager (Male) |
| 6:49 | Build | Outpost |
| 7:01 | Create | Villager (Male) |
| 7:02 | Build | Mill |
| 7:35 | Create | Villager (Male) |
| 7:45 | Build | Palisade Wall |
| 7:59 | Research | Feudal Age |
| 8:10 | Build | House |
| 8:24 | Build | Barracks |
Build order — nC_Future
35 actions detected in the replay
| 0:00 | Create | Villager (Male) |
| 0:01 | Create | Villager (Male) |
| 0:02 | Build | House |
| 0:04 | Build | House |
| 0:13 | Build | Barracks |
| 0:17 | Create | Villager (Male) |
| 0:34 | Create | Villager (Male) |
| 1:31 | Create | Villager (Male) |
| 1:51 | Create | Unit 2550 |
| 2:02 | Create | Villager (Male) |
| 2:19 | Create | Villager (Male) |
| 2:37 | Create | Unit 2550 |
| 2:52 | Research | Loom |
| 2:54 | Create | Villager (Male) |
| 3:12 | Create | Unit 2550 |
| 3:29 | Build | House |
| 3:35 | Create | Villager (Male) |
| 4:01 | Create | Villager (Male) |
| 4:23 | Create | Villager (Male) |
| 4:26 | Build | House |
| 4:46 | Create | Villager (Male) |
| 4:47 | Create | Villager (Male) |
| 5:14 | Create | Villager (Male) |
| 5:32 | Create | Villager (Male) |
| 5:34 | Create | Villager (Male) |
| 5:59 | Build | Settlement |
| 6:07 | Create | Villager (Male) |
| 6:16 | Create | Villager (Male) |
| 6:38 | Create | Villager (Male) |
| 6:58 | Create | Villager (Male) |
| 7:22 | Build | Settlement |
| 7:45 | Create | Villager (Male) |
| 8:11 | Create | Villager (Male) |
| 8:16 | Build | Farm |
| 8:39 | Build | Settlement |
Match timeline
| 0:13 | nC_Future · first_building Barracks |
| 3:39 | dylanrobinson54 · wall_segment Palisade Wall x1 |
| 3:40 | dylanrobinson54 · wall_segment Palisade Wall x1 |
| 5:08 | dylanrobinson54 · wall_segment Palisade Wall x2 |
| 5:58 | dylanrobinson54 · wall_segment Palisade Wall x1 |
| 6:04 | dylanrobinson54 · wall_segment Palisade Wall x9 |
| 6:18 | dylanrobinson54 · wall_segment Palisade Wall x1 |
| 7:45 | dylanrobinson54 · wall_segment Palisade Wall x1 |
| 8:24 | dylanrobinson54 · first_building Barracks |
| 9:01 | nC_Future · resign |
[ AI ANALYSIS · 1 CREDIT ]
What really happened in this match?
Wolo.gg analyzes every decision: build order, eco, micro, common mistakes by bracket. Personalized analysis on WhatsApp or Discord in 30 seconds.
Civ guide
Chinese
Perfil
Jugador #1876372